 Dungeon Crawl Stone Soup version 0.26-a0-1132-ge9770dfcb6 (webtiles) character file.

Game seed: 738029166141295515

3906 Aviak the Martial Artist (level 10, 0/74 HPs)
             Began as a Gnoll Wanderer on Dec 20, 2020.
             Was an Initiate of Gozag.
             Slain by a troll (7 damage)
             ... on level 9 of the Dungeon.
             The game lasted 00:19:12 (12050 turns).

Aviak the Martial Artist (Gnoll Wanderer)          Turns: 12050, Time: 00:19:14

Health: 0/74       AC: 12    Str:  9    XL:     10   Next: 20%
Magic:  14/20      EV: 14    Int: 19    God:    Gozag
Gold:   1379       SH:  0    Dex: 17    Spells: 9/23 levels left

rFire    + . .     SeeInvis .   o - +1 short sword (drain)
rCold    . . .     Faith    .   (no shield)
rNeg     + + .     Spirit   .   a - +2 leather armour "Kehangao" {rN++ Will+ Str-4 Int+2}
rPois    .         Reflect  .   (no helmet)
rElec    .         Harm     .   v - +0 cloak
rCorr    .         Rampage  .   (no gloves)
Will     +....                  (no boots)
Stlth    +++.......             (no amulet)
HPRegen  0.22/turn              F - ring of protection from fire
MPRegen  0.17/turn              (no ring)

@: icy armour, very slightly contaminated, studying 2 skills
A: distributed training, fangs 1, strong nose
a: Renounce Religion, Potion Petition, Call Merchant, Bribe Branch


You were on level 9 of the Dungeon.
You worshipped Gozag.
Gozag was most pleased with you.
You visited 2 branches of the dungeon, and saw 10 of its levels.
You also visited: Bailey.

You collected 1474 gold pieces.
You paid 95 gold pieces to Gozag.

Inventory:

Hand Weapons
 o - a +1 short sword of draining (weapon)
 q - a +2 vorpal dagger
Missiles
 b - 10 javelins (quivered)
Armour
 a - the +2 leather armour "Kehangao" (worn) {rN++ Will+ Str-4 Int+2}
   (You found it on level 8 of the Dungeon)

   It affects your strength (-4).
   It affects your intelligence (+2).
   It greatly protects you from negative energy.
   It affects your willpower, your defense against some magical effects.
 p - a +0 ring mail
 s - a +2 robe of positive energy
 v - a +0 cloak (worn)
Magical Staves
 x - an uncursed staff of poison {rPois}
Jewellery
 F - a ring of protection from fire (left hand)
Wands
 w - a wand of random effects (13)
Scrolls
 c - 2 scrolls of enchant armour
 f - 2 scrolls of amnesia
 i - a scroll of identify
 j - a scroll of enchant weapon {unknown}
 l - 3 scrolls of immolation {unknown}
 m - 6 scrolls of teleportation {unknown}
 r - 6 scrolls of remove curse
 t - a scroll of vulnerability {unknown}
 u - a scroll of silence {unknown}
Potions
 k - 2 potions of flight
 n - 3 potions of mutation {!q}
Books
 e - a manual of Shields
 g - a manual of Fighting


   Skills:
 + Level 5.0 Fighting
 + Level 5.0 Short Blades
 + Level 5.0 Long Blades
 + Level 5.0 Axes
 + Level 5.0 Maces & Flails
 + Level 5.0 Polearms
 + Level 5.0 Staves
 + Level 5.0 Slings
 + Level 5.0 Bows
 + Level 5.0 Crossbows
 + Level 5.7 Throwing
 + Level 5.0 Armour
 + Level 5.0 Dodging
 + Level 5.0 Stealth
 + Level 5.0 Shields
 + Level 8.3 Unarmed Combat
 + Level 7.2 Spellcasting
 + Level 4.7 Conjurations
 + Level 4.1 Hexes
 + Level 4.1 Summonings
 + Level 4.1 Necromancy
 + Level 4.1 Translocations
 + Level 4.1 Transmutations
 + Level 4.1 Fire Magic
 + Level 5.7 Ice Magic
 + Level 4.1 Air Magic
 + Level 4.1 Earth Magic
 + Level 4.1 Poison Magic
 + Level 5.5 Invocations
 + Level 5.7 Evocations


You had 9 spell levels left.
You knew the following spells:

 Your Spells              Type           Power        Failure   Level
a - Freeze                Ice            100%         1%          1
b - Frozen Ramparts       Ice            56%          3%          3
c - Ozocubu's Armour      Ice            28%          3%          3
d - Summon Guardian Gole  Hex/Summ       22%          7%          3
e - Hailstorm             Conj/Ice       26%          16%         4

Your spell library contained the following spells:

 Spells                   Type           Power        Failure   Level
 Animate Skeleton         Necr           44%          2%          1
 Apportation              Tloc           44%          2%          1
 Corona                   Hex            24%          2%          1
 Summon Small Mammal      Summ           88%          2%          1
 Summon Ice Beast         Ice/Summ       25%          17%         4


Dungeon Overview and Level Annotations

Branches:
Dungeon (9/15)             Temple (1/1) D:7            Lair (0/6) D:8
 Bailey (visited)
    Orc: D:9-12

Altars:
Ashenzari
Cheibriados
Dithmenos
Elyvilon
Fedhas
Gozag
Hepliaklqana
Kikubaaqudgha
Makhleb
Nemelex Xobeh
Okawaru
Qazlal
Ru
Sif Muna
Trog
Uskayaw
Vehumet
Wu Jian
Xom
Yredelemnul
Zin
The Shining One
Beogh

Annotations:
D:3 3 runed translucent doors, MoonlitKnight's ghost, amateur DEIE
D:4 3 runed translucent doors, MoonlitKnight's ghost, amateur DEIE


Innate Abilities, Weirdness & Mutations

Your experience applies equally to all skills.
You have very sharp teeth.
Your uncanny sense of smell can sniff out nearby items.


Message History

As you read the scroll labelled SAANYISKAU, it crumbles to dust.
It is a scroll of brand weapon.
Your +2 dagger of draining emits a brilliant flash of light!
q - a +2 vorpal dagger The troll bites you.
* * * LOW HITPOINT WARNING * * *
The troll claws you but does no damage. The troll completely misses you.
Casting: Hailstorm (dangerous; 16% risk of failure)
Confirm with . or Enter, or press ? or * to list all spells.
You miscast Ozocubu's Armour.
You are very lightly contaminated with residual magic.
Nothing appears to happen.
The troll barely misses you. The troll claws you.
* * * LOW HITPOINT WARNING * * *
The troll claws you!
* * * LOW HITPOINT WARNING * * *
Casting: Ozocubu's Armour (dangerous; 3% risk of failure)
Confirm with . or Enter, or press ? or * to list all spells.
A film of ice covers your body! The troll bites you!
You die...
Your body crumbles into a pile of gold.

## ## ...## #########+ .#
#..# #......... .#
#####.#######......... .#
#........#..'.........
.######........#T##..(......
.##............#@##.........
....###..........##.........
.#### #........####.........
.# ########## #......... .#
########## ##


You could see a troll.

Vanquished Creatures
  Menkaure (D:7)
  11 orc warriors
  3 ice beasts
  A phantom (D:8)
  8 centaurs (Bailey)
  A big kobold (D:7)
  4 bullfrogs
  5 scorpions
  A water moccasin skeleton (D:4)
  2 electric eels (D:7)
  4 wights (D:8)
  A howler monkey (D:4)
  A bullfrog zombie (D:7)
  A quasit (D:7)
  A hound (D:3)
  6 orc wizards
  2 jellies
  A gnoll shaman (D:4)
  An iguana (D:9)
  4 worker ants
  A hound zombie (D:5)
  2 hound skeletons
  2 worker ant zombies
  5 gnolls
  10 adders
  2 shadow imps (D:5)
  3 white imps
  An ooze (D:5)
  An adder skeleton (D:6)
  2 leopard geckos
  49 orcs
  5 bats
  2 giant cockroaches
  11 goblins
  9 hobgoblins
  12 jackals
  2 quokkas
  2 ball pythons
  3 frilled lizards
  10 kobolds
  A leopard gecko skeleton (D:6)
  A leopard gecko zombie (D:7)
  A quokka skeleton (D:5)
  A quokka zombie (D:7)
  9 rats
  A butterfly (D:2)
207 creatures vanquished.

Vanquished Creatures (others)
  A wight (D:8)
  A gnoll (D:8)
  8 plants (D:7)
10 creatures vanquished.

Grand Total: 217 creatures vanquished

Notes
Turn   | Place    | Note
-------+----------+-------------------------------------------
     0 | D:1      | Aviak the Gnoll Wanderer began the quest for the Orb.
     0 | D:1      | Aviak set off with the following items: a +0 dagger, a
                  | potion of lignification {!q}, a +0 robe; and the following
                  | spells available to memorise: Freeze, Frozen Ramparts,
                  | Ozocubu's Armour, Summon Small Mammal, Summon Guardian
                  | Golem, Hailstorm, Summon Ice Beast
     0 | D:1      | Reached XP level 1. HP: 13/13 MP: 6/6
     2 | D:1      | Learned a level 1 spell: Freeze
   310 | D:1      | Reached XP level 2. HP: 15/19 MP: 2/7
   793 | D:1      | HP: 1/20 [bat (1)]
  1235 | D:1      | Reached XP level 3. HP: 25/25 MP: 9/9
  1278 | D:1      | Reached skill level 5 in Spellcasting
  1572 | D:2      | Found a snail-covered altar of Cheibriados.
  1572 | D:2      | Noticed a torpor snail
  1572 | D:2      | Noticed a torpor snail
  1572 | D:2      | Noticed a torpor snail
  1845 | D:2      | Found a sacrificial altar of Ru.
  2035 | D:2      | Reached skill level 1 in Invocations
  2137 | D:2      | Found a shimmering altar of Xom.
  2403 | D:2      | You fall into a shaft and drop 2 floors!
  2425 | D:4      | Reached skill level 1 in Fighting
  2425 | D:4      | Reached skill level 1 in Short Blades
  2425 | D:4      | Reached skill level 1 in Long Blades
  2425 | D:4      | Reached skill level 1 in Axes
  2425 | D:4      | Reached skill level 1 in Maces & Flails
  2425 | D:4      | Reached skill level 1 in Polearms
  2425 | D:4      | Reached skill level 1 in Staves
  2425 | D:4      | Reached skill level 1 in Slings
  2425 | D:4      | Reached skill level 1 in Bows
  2425 | D:4      | Reached skill level 1 in Crossbows
  2425 | D:4      | Reached skill level 1 in Armour
  2425 | D:4      | Reached skill level 1 in Dodging
  2425 | D:4      | Reached skill level 1 in Stealth
  2425 | D:4      | Reached skill level 1 in Shields
  2425 | D:4      | Reached XP level 4. HP: 12/32 MP: 9/11
  2440 | D:3      | Reached skill level 1 in Hexes
  2440 | D:3      | Reached skill level 1 in Summonings
  2440 | D:3      | Reached skill level 1 in Necromancy
  2440 | D:3      | Reached skill level 1 in Translocations
  2440 | D:3      | Reached skill level 1 in Transmutations
  2440 | D:3      | Reached skill level 1 in Fire Magic
  2440 | D:3      | Reached skill level 1 in Air Magic
  2440 | D:3      | Reached skill level 1 in Earth Magic
  2440 | D:3      | Reached skill level 1 in Poison Magic
  2753 | D:3      | Found a blossoming altar of Fedhas.
  2776 | D:3      | Reached XP level 5. HP: 27/37 MP: 12/12
  3116 | D:3      | Noticed MoonlitKnight's ghost (amateur DEIE)
  3124 | D:3      | Found a runed translucent gate.
  3124 | D:3      | Found a runed translucent gate.
  3124 | D:3      | Found a runed translucent gate.
  3361 | D:4      | Reached XP level 6. HP: 11/44 MP: 14/14
  3427 | D:3      | Learned a level 3 spell: Frozen Ramparts
  3431 | D:3      | Learned a level 3 spell: Ozocubu's Armour
  4167 | D:4      | Found a sparkling altar of Nemelex Xobeh.
  4219 | D:4      | Found a runed translucent gate.
  4219 | D:4      | Found a runed translucent gate.
  4219 | D:4      | Noticed MoonlitKnight's ghost (amateur DEIE)
  4220 | D:4      | Found a runed translucent gate.
  4222 | D:4      | Identified the +11 spear "Iskynnex" {speed, rPois rF+
                  | Int+2}
  4222 | D:4      | Identified the cursed +1 ring mail of the Grue {*Drain
                  | +Blink +Fly rN++}
  4224 | D:4      | Found a roughly hewn altar of Beogh.
  4307 | D:4      | Reached XP level 7. HP: 39/50 MP: 15/15
  4436 | D:4      | Reached skill level 7 in Unarmed Combat
  4694 | D:5      | Entered Level 5 of the Dungeon
  4820 | D:5      | Found an opulent altar of Gozag.
  4922 | D:5      | Became a worshipper of Gozag Ym Sagoz the Greedy
  6526 | D:6      | You fall into a shaft and drop 2 floors!
  6538 | D:7      | Reached XP level 8. HP: 6/57 MP: 9/16
  6692 | D:7      | Found a glowing silver altar of Zin.
  7072 | D:7      | Noticed Menkaure
  7078 | D:7      | Killed Menkaure
  7286 | D:7      | Reached skill level 5 in Ice Magic
  7286 | D:7      | Reached XP level 9. HP: 55/65 MP: 18/18
  7290 | D:7      | Learned a level 3 spell: Summon Guardian Golem
  7295 | D:7      | Learned a level 4 spell: Hailstorm
  7484 | D:7      | Found a staircase to the Ecumenical Temple.
  7517 | Temple   | Entered the Ecumenical Temple
  8078 | D:7      | Found an ornate altar of the Wu Jian Council.
  8499 | D:8      | Found a staircase to the Lair.
  8522 | D:8      | Got a crude leather armour
  8523 | D:8      | Identified the +2 leather armour "Kehangao" {rN++ Will+
                  | Str-4 Int+2} (You found it on level 8 of the Dungeon)
  9031 | D:8      | Reached skill level 5 in Throwing
  9031 | D:8      | Reached skill level 5 in Evocations
  9462 | D:8      | Found a glowing golden altar of the Shining One.
  9545 | D:9      | Found a flagged portal.
  9563 | Bailey   | Entered a bailey
 10009 | Bailey   | Reached skill level 8 in Unarmed Combat
 10453 | Bailey   | Reached skill level 5 in Invocations
 10731 | Bailey   | Reached XP level 10. HP: 73/73 MP: 3/20
 11205 | Bailey   | Reached skill level 5 in Fighting
 11205 | Bailey   | Reached skill level 5 in Short Blades
 11205 | Bailey   | Reached skill level 5 in Long Blades
 11205 | Bailey   | Reached skill level 5 in Axes
 11205 | Bailey   | Reached skill level 5 in Maces & Flails
 11205 | Bailey   | Reached skill level 5 in Polearms
 11205 | Bailey   | Reached skill level 5 in Staves
 11205 | Bailey   | Reached skill level 5 in Slings
 11205 | Bailey   | Reached skill level 5 in Bows
 11205 | Bailey   | Reached skill level 5 in Crossbows
 11205 | Bailey   | Reached skill level 5 in Armour
 11205 | Bailey   | Reached skill level 5 in Dodging
 11205 | Bailey   | Reached skill level 5 in Stealth
 11205 | Bailey   | Reached skill level 5 in Shields
 12050 | D:9      | Slain by a troll

Illustrated notes

Levels and vault maps discovered:
D:1:      minmay_arrival_stair_chambers, layout_basic
D:2:      layout_basic, lemuel_coloured_pillars_altar, cheibriados_altar_2,
          xom_butterflies, item_on_display_a
D:3:      layout_rooms, fedhas_altar_1, gammafunk_ghost_split
D:4:      layout_loops_ring, nemelex_xobeh_ov_fountains_minmay,
          biasface_ghost_orc_armoury
D:5:      layout_basic, nicolae_gozag_seed_capital,
          hangedman_abyss_or_decor_stabs
D:6:      layout_loops_cross
D:7:      layout_basic, nicolae_overflow_hidden_temple,
          minmay_temple_entry_sparse_star, basic_altar, serial_bayou,
          serial_bayou_shore_a, serial_bayou_pond_d, serial_bayou_pond_d,
          serial_bayou_pond_e, uniq_menkaure
D:8:      layout_loops_ring, general_overflow_altar, lair_entry_dummy
D:9:      layout_roguey, old_standard_altar, enter_bailey_5
Temple:   nicolae_temple_figure_eight

Skill      XL: |  1  2  3  4  5  6  7  8  9 10 |
---------------+-------------------------------+-----
Conjurations   | 2 3 4 |  4.7
Spellcasting   | 5 6 7 |  7.2
Invocations    | 1 2 3 4 5 |  5.5
Fighting       | 1 2 3 4 5 |  5.0
Short Blades   | 1 2 3 4 5 |  5.0
Long Blades    | 1 2 3 4 5 |  5.0
Axes           | 1 2 3 4 5 |  5.0
Maces & Flails | 1 2 3 4 5 |  5.0
Polearms       | 1 2 3 4 5 |  5.0
Staves         | 1 2 3 4 5 |  5.0
Slings         | 1 2 3 4 5 |  5.0
Bows           | 1 2 3 4 5 |  5.0
Crossbows      | 1 2 3 4 5 |  5.0
Armour         | 1 2 3 4 5 |  5.0
Dodging        | 1 2 3 4 5 |  5.0
Stealth        | 1 2 3 4 5 |  5.0
Shields        | 1 2 3 4 5 |  5.0
Hexes          | 1 2 3 4 |  4.1
Summonings     | 1 2 3 4 |  4.1
Necromancy     | 1 2 3 4 |  4.1
Translocations | 1 2 3 4 |  4.1
Transmutations | 1 2 3 4 |  4.1
Fire Magic     | 1 2 3 4 |  4.1
Air Magic      | 1 2 3 4 |  4.1
Earth Magic    | 1 2 3 4 |  4.1
Poison Magic   | 1 2 3 4 |  4.1
Throwing       | 3 4 5 |  5.7
Evocations     | 3 4 5 |  5.7
Ice Magic      | 4 5 |  5.7
Unarmed Combat | 7 8 |  8.3

Action                   |  1- 3 |  4- 6 |  7- 9 | 10-12 || total
-------------------------+-------+-------+-------+-------++-------
Melee: Dagger            |    63 |     8 |       |       ||    71
       Bite              |     6 |    12 |    39 |     2 ||    59
       Punch             |     2 |     4 |    13 |     2 ||    21
       Short sword       |       |   104 |   310 |    37 ||   451
Throw: Javelin           |       |       |     2 |    12 ||    14
 Cast: Freeze            |    32 |     8 |       |     1 ||    41
       Frozen Ramparts   |       |     3 |    16 |       ||    19
       Ozocubu's Armour  |       |       |     4 |     1 ||     5
       Hailstorm         |       |       |    26 |    10 ||    36
       Summon Guardian G |       |       |     4 |       ||     4
Evoke: Wand              |       |    19 |    16 |       ||    35
  Use: Potion            |     3 |     3 |     4 |     2 ||    12
       Scroll            |       |     3 |     1 |     2 ||     6
 Stab: Sleeping          |     3 |     1 |     6 |     1 ||    11
       Distracted        |     1 |       |       |       ||     1
       Invisible         |       |     2 |     5 |       ||     7
Armor: Robe              |    13 |       |    41 |       ||    54
       Skin              |     1 |       |       |       ||     1
       Leather armour    |     9 |    28 |    31 |     9 ||    77
Dodge: Dodged            |    68 |    88 |   195 |    35 ||   386

Table legend: (Time is in decaauts)
 A = Elapsed time spent in this place.
 B = Non-inter-level travel time spent in this place.
 C = Inter-level travel time spent in this place.
 D = Time resting spent in this place.
 E = Time spent auto-exploring this place.
 F = Levels seen in this place.
 G = Mean time per level.
                   A        B        C        D        E       F      G
               +--------+--------+--------+--------+--------+-----+--------+
         Total |  12061 |  11826 |    235 |   2831 |   7087 |  11 | 1096.5 |
       Dungeon |   9536 |   9312 |    224 |   1654 |   6212 |   9 | 1059.6 |
        Temple |    219 |    208 |     11 |      0 |    207 |   1 |  219.0 |
        Bailey |   2305 |   2305 |      0 |   1177 |    668 |   1 | 2305.0 |
               +--------+--------+--------+--------+--------+-----+--------+

Top non-repeatable levels by time:
  Bailey: 2305 daAuts
     D:1: 1565 daAuts
     D:7: 1461 daAuts
     D:8: 1276 daAuts
     D:4: 1221 daAuts
     D:5: 1137 daAuts
     D:3: 1070 daAuts
     D:2: 835 daAuts
     D:6: 759 daAuts
  Temple: 219 daAuts
     D:9: 207 daAuts
